 Dungeon Crawl Stone Soup version 0.21-a0-84-g85d6d27 (webtiles) character file.

194 nikopol the Chopper (level 5, 0/70 HPs)
             Began as a Minotaur Berserker on June 24, 2017.
             Was a Priest of Trog.
             Killed from afar by Sigmund (2 damage)
             ... with a puff of flame
             ... on level 2 of the Dungeon.
             The game lasted 00:03:54 (2104 turns).

nikopol the Chopper (Minotaur Berserker)            Turns: 2104, Time: 00:03:55

Health: 0/70       AC: 12    Str: 27    XL:     5   Next: 44%
Magic:  4/4        EV:  9    Int:  4    God:    Trog [***...]
Gold:   98         SH:  0    Dex: 10    Spells: 4/4 levels left

rFire    . . .     SeeInvis .   a - +0 hand axe
rCold    . . .     Gourm    .   (no shield)
rNeg     . . .     Faith    .   m - +0 chain mail
rPois    .         Spirit   .   (helmet restricted)
rElec    .         Reflect  .   k - +0 cloak
rCorr    .         Harm     .   (no gloves)
MR       .....                  v - +1 pair of boots
Stlth    ..........             (no amulet)
HPRegen  0.21/turn              (no ring)
MPRegen  0.09/turn              (no ring)

@: berserking, lethally poisoned (0 -> -18), very quick
A: retaliatory headbutt, horns 2
a: Berserk, Trog's Hand, Burn Spellbooks, Renounce Religion


You were on level 2 of the Dungeon.
You worshipped Trog.
Trog was most pleased with you.
You were hungry.

You visited 1 branch of the dungeon, and saw 2 of its levels.

You collected 98 gold pieces.

Inventory:

Hand Weapons
 a - a +0 hand axe (weapon)
Missiles
 p - 32 arrows
Armour
 b - a +0 animal skin
 k - a +0 cloak (worn)
 m - a +0 chain mail (worn)
 v - a +1 pair of boots (worn)
Scrolls
 f - a scroll of enchant weapon {unknown}
 i - 4 scrolls of remove curse {unknown}
 o - a scroll of fog {unknown}
 q - a scroll of fear {unknown}
 r - a scroll of enchant armour {unknown}
 x - 2 scrolls of identify {unknown}
 y - a scroll of immolation {unknown}
 A - 3 scrolls of noise {unknown}
 B - a scroll of blinking {unknown}
Potions
 e - 3 potions of ambrosia {unknown}
 h - 3 potions of curing {unknown}
 j - a potion of lignification {unknown}
 l - a potion of brilliance {unknown}
 n - a potion of flight {unknown}
 s - a potion of heal wounds {unknown}
 t - a potion of berserk rage {unknown}
 u - a potion of degeneration {unknown}
 w - a potion of invisibility {unknown}
Comestibles
 c - 2 bread rations
 d - 3 royal jellies
 g - a meat ration
 z - 3 chunks of flesh


   Skills:
 + Level 4.6 Fighting
 + Level 5.4 Axes
 + Level 3.7 Armour
 + Level 3.1 Dodging
 + Level 0.8 Stealth


You had 4 spell levels left.
You didn't know any spells.

Dungeon Overview and Level Annotations

Branches:
Dungeon (2/15)

Altars:
Qazlal

Annotations:
D:2 Sigmund


Innate Abilities, Weirdness & Mutations

You reflexively headbutt those who attack you in melee.
You have a pair of horns on your head.


Message History

You feel sick. Something hits you!
* * * LOW HITPOINT WARNING * * *
Items here: ))) [[[ †
* * * LOW HITPOINT WARNING * * *
You feel very sick. Something hits you but does no damage.
Things that are here:
a club; a hobgoblin corpse; a goblin corpse You barely miss something.
Your headbutt misses something.
* * * LOW HITPOINT WARNING * * *
You feel sick.
A red film seems to cover your vision as you go berserk!
You feel yourself moving faster!
You feel mighty!
You are feeling hungry.
* * * LOW HITPOINT WARNING * * *
You feel sick.
You hear some strange, mumbled words.
A puff of flame appears from out of thin air!
The puff of flame hits you!
You die...

#.# #.#
#.########.#######
###.#......#.#......
....)........).....#
###<#......#.#.### #
#.#.......)....#.#
#.#######...†#)#.#
#.. #.....)..# #..
#.####@#.# #... #.#
#{# # #... #.# #.#
..# ... #.# #.# #.#
..# #.# ###
#.################
#<...............#


There were no monsters in sight!

Vanquished Creatures
  Robin (D:2)
  7 gnolls (D:2)
  4 adders (D:2)
  An ooze (D:2)
  A dart slug (D:1)
  13 goblins
  14 hobgoblins
  8 jackals (D:2)
  A quokka (D:2)
  9 bats
  3 frilled lizards
  5 kobolds
  5 rats
72 creatures vanquished.

Notes
Turn   | Place    | Note
-------+----------+-------------------------------------------
     0 | D:1      | nikopol the Minotaur Berserker began the quest for the Orb.
     0 | D:1      | Reached XP level 1. HP: 19/19 MP: 0/0
   366 | D:1      | Reached XP level 2. HP: 27/27 MP: 1/1
   402 | D:1      | Reached skill level 4 in Axes
   682 | D:1      | Reached ** piety under Trog
   918 | D:2      | Reached XP level 3. HP: 24/33 MP: 2/2
  1341 | D:2      | Reached XP level 4. HP: 40/41 MP: 3/3
  1693 | D:2      | Noticed a fire elemental
  1695 | D:2      | Found a stormy altar of Qazlal.
  1696 | D:2      | Noticed an air elemental
  1696 | D:2      | Noticed a water elemental
  1696 | D:2      | Noticed an earth elemental
  2036 | D:2      | Reached XP level 5. HP: 47/47 MP: 4/4
  2049 | D:2      | Reached skill level 5 in Axes
  2076 | D:2      | Noticed Robin
  2077 | D:2      | Reached *** piety under Trog
  2087 | D:2      | Noticed Sigmund
  2100 | D:2      | Killed Robin
  2104 | D:2      | HP: 2/70 [poisoned by Robin]
  2104 | D:2      | Killed from afar by Sigmund

Vault maps used:
D:1:      sevenhm_arrival_forest_fort_large_4
D:2:      first_bread, nicolae_qazlal_style_of_elements, uniq_sigmund,
          uniq_robin

Skill      XL: |  1  2  3  4  5 |
---------------+----------------+-----
Axes           | 4 5 |  5.4
Fighting       | 4 |  4.6
Armour         | 3 |  3.7
Dodging        | 3 |  3.1
Stealth        | |  0.8

Action                   |  1- 3 |  4- 6 || total
-------------------------+-------+-------++-------
Melee: Hand axe          |    92 |    86 ||   178
       Headbutt          |    15 |    11 ||    26
Invok: Berserk           |       |     2 ||     2
 Stab: Sleeping          |     1 |       ||     1
  Eat: Chunk             |     1 |     4 ||     5
Armor: Animal skin       |     5 |       ||     5
       Chain mail        |    61 |    55 ||   116
Dodge: Dodged            |    37 |    44 ||    81
